 Dungeon Crawl Stone Soup version 0.21.0-25-ge575cb9 (webtiles) character file.

72 JeffiDaFish the Skirmisher (level 4, -5/40 HPs)
             Began as a Minotaur Fighter on Jan 22, 2018.
             Slain by CountDeLaPain's ghost (10 damage)
             ... on level 3 of the Dungeon on Jan 23, 2018.
             The game lasted 00:05:59 (1918 turns).

JeffiDaFish the Skirmisher (Minotaur Fighter)       Turns: 1918, Time: 00:06:00

Health: -5/40      AC: 11    Str: 26    XL:     4   Next: 7%
Magic:  3/3        EV:  6    Int:  5    God:
Gold:   153        SH: 12    Dex: 10    Spells: 3/3 levels left

rFire    . . .     SeeInvis +   a - +0 war axe
rCold    . . .     Gourm    .   c - +2 shield
rNeg     . . .     Faith    .   m - +0 chain mail
rPois    .         Spirit   .   (helmet restricted)
rElec    .         Reflect  .   j - +0 cloak
rCorr    +         Harm     .   (no gloves)
MR       .....                  g - +0 pair of boots
Stlth    ..........             (no amulet)
HPRegen  0.13/turn              h - ring of see invisible
MPRegen  0.08/turn              k - ring of resist corrosion

@: mighty, drained
A: retaliatory headbutt, horns 2
a: no special abilities


You were on level 3 of the Dungeon.
You were hungry.

You visited 1 branch of the dungeon, and saw 3 of its levels.

You collected 153 gold pieces.

Inventory:

Hand Weapons
 a - a +0 war axe (weapon)
Armour
 c - a +2 shield (worn)
 g - a +0 pair of boots (worn)
 j - a +0 cloak (worn)
 m - a +0 chain mail (worn)
Jewellery
 h - a ring of see invisible (left hand)
 k - a ring of resist corrosion (right hand)
Scrolls
 b - 2 scrolls of teleportation
 i - 3 scrolls of identify
 n - a scroll of fear
 o - a scroll of amnesia
Potions
 d - a potion of might
 e - a potion of brilliance
Comestibles
 f - 3 rations


   Skills:
 + Level 4.2(4.0) Fighting
 + Level 3.5(3.3) Axes
 + Level 4.2(4.0) Armour
 + Level 1.0(0.8) Dodging
 + Level 4.2(4.0) Shields


You had 3 spell levels left.
You didn't know any spells.

Dungeon Overview and Level Annotations

Branches:
Dungeon (3/15)

Altars:

Annotations:
D:3 CountDeLaPain's ghost, amateur MiFi


Innate Abilities, Weirdness & Mutations

You reflexively headbutt those who attack you in melee.
You have a pair of horns on your head.


Message History

Okay, then.
You closely miss CountDeLaPain's ghost.
CountDeLaPain's ghost is almost destroyed.
You block CountDeLaPain's ghost's attack.
Your shield and chain mail prevent you from hitting CountDeLaPain's ghost.
Your headbutt misses CountDeLaPain's ghost.
CountDeLaPain's ghost is almost destroyed.
You block CountDeLaPain's ghost's attack.
Your chain mail prevents you from hitting CountDeLaPain's ghost.
CountDeLaPain's ghost is severely damaged.
You block CountDeLaPain's ghost's attack. x2
You miss CountDeLaPain's ghost.
CountDeLaPain's ghost is severely damaged.
CountDeLaPain's ghost hits you but does no damage.
You are feeling hungry.
You hit CountDeLaPain's ghost.
Your headbutt misses CountDeLaPain's ghost.
CountDeLaPain's ghost is almost destroyed.
CountDeLaPain's ghost hits you!
You die...

#.. #.# ##.#.####
##.........#.
#....##.#...
#..#.##$#!.#
#........W.#
####..(.##.#@.###.(#
........##.#.....#
.....##.[..)..#.##
.......<#..#..# #
.....##...##.....
#.. #..#......... #
#..#.##.#.#.. #.....
..>$.. ##..?........


You could see CountDeLaPain's ghost.

Vanquished Creatures
  An adder (D:2)
  4 dart slugs (D:1)
  A leopard gecko (D:2)
  4 bats
  A giant cockroach (D:1)
  7 goblins
  8 hobgoblins
  4 jackals (D:1)
  3 quokkas (D:2)
  3 frilled lizards (D:1)
  8 kobolds
  3 rats
47 creatures vanquished.

Notes
Turn   | Place    | Note
-------+----------+-------------------------------------------
     0 | D:1      | JeffiDaFish the Minotaur Fighter began the quest for the Orb.
     0 | D:1      | Reached XP level 1. HP: 19/19 MP: 0/0
    50 | D:1      | Reached XP level 2. HP: 26/27 MP: 1/1
   152 | D:1      | Upgraded the game from 0.21.0-24-g2553a33 to 0.21.0-25-ge575cb9
   313 | D:1      | Reached XP level 3. HP: 32/33 MP: 2/2
  1079 | D:2      | Reached skill level 1 in Dodging
  1493 | D:2      | Reached XP level 4. HP: 33/40 MP: 3/3
  1899 | D:3      | Noticed CountDeLaPain's ghost (amateur MiFi)
  1918 | D:3      | Slain by CountDeLaPain's ghost

Skill      XL: |  1  2  3 |
---------------+----------+-----
Fighting       | 4 |  4.2
Armour         | 4 |  4.2
Shields        | 4 |  4.2
Axes           | 3 |  3.5
Dodging        | 1 |  1.0

Action                   |  1- 3 |  4- 6 || total
-------------------------+-------+-------++-------
Melee: War axe           |   120 |    23 ||   143
       Headbutt          |    11 |       ||    11
  Use: Scroll            |     5 |     2 ||     7
       Potion            |     1 |     1 ||     2
  Eat: Chunk             |     2 |     1 ||     3
Armor: Scale mail        |    45 |       ||    45
       Chain mail        |       |     8 ||     8
Dodge: Dodged            |    28 |     1 ||    29
Block: Shield            |    74 |    13 ||    87
